| TOP OF THE 1ST |
|
Rocky Mount Leafs batting - Pitching for Greensboro Hornets : RHP Octavio Avila
|
|
Pitching: RHP Octavio Avila
|
|
|
Batting: SHB Keith Spreckels
|
0-0: Ground out 5-3 (Groundball, 56, EV 82.5 MPH)
|
|
Batting: RHB Kevin McGann
|
0-0: Ball 1-0: Swinging Strike 1-1: Foul Ball, location: 2F 1-2: Ball 2-2: Ball 3-2: Strikes out swinging
|
|
Batting: LHB Oscar Ramirez
|
0-0: Ball 1-0: Ball 2-0: Foul Ball, location: 2F 2-1: Ground out 4-3 (Groundball, 34, EV 85.0 MPH)
|
| Top of the 1st over - 0 runs, 0 hits, 0 errors, 0 left on base; Rocky Mount 0 - Greensboro 0 |
| BOTTOM OF THE 1ST |
|
Greensboro Hornets batting - Pitching for Rocky Mount Leafs : RHP Don Heinkel
|
|
Pitching: RHP Don Heinkel
|
|
|
Batting: LHB Ozzie Guillen
|
0-0: Called Strike 0-1: SINGLE (Groundball, P, EV 83.8 MPH) (infield hit)
|
|
Batting: SHB Mark Bailey
|
0-0: Ball 1-0: Foul Ball, location: 2F 1-1: Fly out, F5 (Flyball, 5D, EV 87.5 MPH)
|
|
Batting: LHB Preston Cash
|
0-0: Called Strike Ozzie Guillen steals 2nd base 0-1: Foul Ball, location: 2F 0-2: Foul Ball, location: 2F 0-2: Ground out 4-3 (Groundball, 34D, EV 108.1 MPH) Ozzie Guillen to third
|
|
Batting: RHB Greg Jelks
|
0-0: Ball 1-0: Fly out, F8 (Flyball, 8RD, EV 96.3 MPH)
|
| Bottom of the 1st over - 0 runs, 1 hit, 0 errors, 1 left on base; Rocky Mount 0 - Greensboro 0 |
| TOP OF THE 2ND |
|
Rocky Mount Leafs batting - Pitching for Greensboro Hornets : RHP Octavio Avila
|
|
Batting: RHB Theodore Smith
|
0-0: Swinging Strike 0-1: Foul Ball, location: 2F 0-2: Foul Ball, location: 2F 0-2: Strikes out swinging
|
|
Batting: RHB Glen Bockhorn
|
0-0: Foul Ball, location: 2F 0-1: Swinging Strike 0-2: Ball 1-2: Ball 2-2: Ball 3-2: Foul Ball, location: 2F 3-2: Ground out 5-3 (Groundball, 56, EV 96.9 MPH)
|
|
Batting: LHB Chris D Jones
|
0-0: Called Strike 0-1: Ground out 4-3 (Groundball, 34D, EV 89.4 MPH)
|
| Top of the 2nd over - 0 runs, 0 hits, 0 errors, 0 left on base; Rocky Mount 0 - Greensboro 0 |
| BOTTOM OF THE 2ND |
|
Greensboro Hornets batting - Pitching for Rocky Mount Leafs : RHP Don Heinkel
|
|
Batting: LHB Stephen DeMatties
|
0-0: Ball 1-0: Foul Ball, location: 2F 1-1: Ball 2-1: Ball 3-1: SOLO HOME RUN (Flyball, 9D, EV 98.1 MPH), Distance : 371 ft
|
|
Batting: RHB Bernardo Brito
|
0-0: Ball 1-0: Foul Ball, location: 2F 1-1: Ball 2-1: Called Strike 2-2: Strikes out swinging
|
|
Batting: RHB Ed Romero
|
0-0: Ball 1-0: Foul Ball, location: 2F 1-1: Called Strike 1-2: Foul Ball, location: 2F 1-2: Strikes out looking
|
|
Batting: RHB Mark Cauley
|
0-0: Ground out 5-3 (Groundball, 56S, EV 86.3 MPH)
|
| Bottom of the 2nd over - 1 run, 1 hit, 0 errors, 0 left on base; Rocky Mount 0 - Greensboro 1 |
| TOP OF THE 3RD |
|
Rocky Mount Leafs batting - Pitching for Greensboro Hornets : RHP Octavio Avila
|
|
Batting: RHB Blane McDonald
|
0-0: Ball 1-0: Called Strike 1-1: Ball 2-1: Ball 3-1: Foul Ball, location: 2F 3-2: SINGLE (Groundball, P, EV 90.6 MPH) (infield hit)
|
|
Batting: RHB Sergio Loya
|
0-0: Ball 1-0: Ball 2-0: Fly out, F4 (Line Drive, 4, EV 62.5 MPH)
|
|
Batting: RHB Tom Goffena
|
0-0: Called Strike 0-1: Foul Ball, location: 2F 0-2: Ball 1-2: Strikes out swinging
|
|
Batting: SHB Keith Spreckels
|
0-0: Ball 1-0: Ball 2-0: Ball 3-0: Base on Balls Blane McDonald to second
|
|
Batting: RHB Kevin McGann
|
0-0: Ball 1-0: Ground out 5-3 (Groundball, 56S, EV 75.6 MPH)
|
| Top of the 3rd over - 0 runs, 1 hit, 0 errors, 2 left on base; Rocky Mount 0 - Greensboro 1 |
| BOTTOM OF THE 3RD |
|
Greensboro Hornets batting - Pitching for Rocky Mount Leafs : RHP Don Heinkel
|
|
Batting: RHB John Lohse
|
0-0: Ball 1-0: Foul Ball, location: 2F 1-1: Swinging Strike 1-2: Ground out 6-3 (Groundball, 6, EV 83.1 MPH)
|
|
Batting: LHB Ozzie Guillen
|
0-0: Ball 1-0: Called Strike 1-1: Called Strike 1-2: Ball 2-2: Foul Ball, location: 2F 2-2: Ground out 5-3 (Groundball, 5, EV 103.1 MPH)
|
|
Batting: SHB Mark Bailey
|
0-0: Ball 1-0: Called Strike 1-1: Foul Ball, location: 2F 1-2: Foul Ball, location: 2F 1-2: Foul Ball, location: 2F 1-2: Fly out, F2 (Popup, 15S, EV 81.9 MPH)
|
| Bottom of the 3rd over - 0 runs, 0 hits, 0 errors, 0 left on base; Rocky Mount 0 - Greensboro 1 |
| TOP OF THE 4TH |
|
Rocky Mount Leafs batting - Pitching for Greensboro Hornets : RHP Octavio Avila
|
|
Batting: LHB Oscar Ramirez
|
0-0: Swinging Strike 0-1: Called Strike 0-2: Ball 1-2: Ball 2-2: Ball 3-2: Reached on error, E3 (Groundball, 3S, EV 86.9 MPH)
|
|
Batting: RHB Theodore Smith
|
0-0: Called Strike 0-1: Called Strike 0-2: Ball 1-2: Fly out, F8 (Flyball, 8RD, EV 82.5 MPH) Runner from 1st tags up, SAFE at 2nd
|
|
Batting: RHB Glen Bockhorn
|
0-0: Called Strike 0-1: Ball 1-1: Ball 2-1: Foul Ball, location: 2F 2-2: Foul Ball, location: 2F 2-2: Strikes out swinging
|
|
Batting: LHB Chris D Jones
|
0-0: Ball 1-0: Called Strike 1-1: DOUBLE (Line Drive, 3D, EV 101.9 MPH) Oscar Ramirez scores
|
|
Batting: RHB Blane McDonald
|
0-0: Ball 1-0: Ball 2-0: Ball 3-0: Called Strike 3-1: Ground out 6-3 (Groundball, 6M, EV 98.8 MPH)
|
| Top of the 4th over - 1 run, 1 hit, 1 error, 1 left on base; Rocky Mount 1 - Greensboro 1 |
| BOTTOM OF THE 4TH |
|
Greensboro Hornets batting - Pitching for Rocky Mount Leafs : RHP Don Heinkel
|
|
Batting: LHB Preston Cash
|
0-0: Foul Ball, location: 2F 0-1: SINGLE (Groundball, 4MD, EV 103.1 MPH)
|
|
Batting: RHB Greg Jelks
|
0-0: Ball 1-0: Called Strike 1-1: Foul Ball, location: 2F 1-2: Ball 2-2: Strikes out swinging
|
|
Batting: LHB Stephen DeMatties
|
0-0: Ball 1-0: Fly out, F9 (Flyball, 9LM, EV 90.0 MPH)
|
|
Batting: RHB Bernardo Brito
|
0-0: Ball 1-0: Ball Preston Cash steals 2nd base 2-0: Fly out, F4 (Popup, 3D, EV 59.4 MPH)
|
| Bottom of the 4th over - 0 runs, 1 hit, 0 errors, 1 left on base; Rocky Mount 1 - Greensboro 1 |
| TOP OF THE 5TH |
|
Rocky Mount Leafs batting - Pitching for Greensboro Hornets : RHP Octavio Avila
|
|
Batting: RHB Sergio Loya
|
0-0: Called Strike 0-1: Called Strike 0-2: Ball 1-2: Ball 2-2: Strikes out swinging
|
|
Batting: RHB Tom Goffena
|
0-0: Called Strike 0-1: Ball 1-1: Called Strike 1-2: SINGLE (Groundball, 56S, EV 69.4 MPH) (infield hit)
|
|
Batting: SHB Keith Spreckels
|
0-0: Ball 1-0: Called Strike 1-1: Foul Ball, location: 2F 1-2: Ball 2-2: Fielders Choice at 2nd, 4-6 (Groundball, 4, EV 85.6 MPH)
|
|
Batting: RHB Kevin McGann
|
0-0: Ball 1-0: Ball 2-0: Ball 3-0: Called Strike 3-1: Base on Balls Keith Spreckels to second
|
|
Batting: LHB Oscar Ramirez
|
0-0: Ball 1-0: Ball 2-0: Called Strike 2-1: Ground out 3-1 (Groundball, 34, EV 105.0 MPH)
|
| Top of the 5th over - 0 runs, 1 hit, 0 errors, 2 left on base; Rocky Mount 1 - Greensboro 1 |
| BOTTOM OF THE 5TH |
|
Greensboro Hornets batting - Pitching for Rocky Mount Leafs : RHP Don Heinkel
|
|
Batting: RHB Ed Romero
|
0-0: Called Strike 0-1: Ball 1-1: Foul Ball, location: 2F 1-2: Ball 2-2: Strikes out looking
|
|
Batting: RHB Mark Cauley
|
0-0: Ball 1-0: Ball 2-0: Foul Ball, location: 2F 2-1: Ground out 4-3 (Groundball, 4S, EV 84.4 MPH)
|
|
Batting: RHB John Lohse
|
0-0: Called Strike 0-1: Ground out 5-3 (Groundball, 56S, EV 81.9 MPH)
|
| Bottom of the 5th over - 0 runs, 0 hits, 0 errors, 0 left on base; Rocky Mount 1 - Greensboro 1 |
| TOP OF THE 6TH |
|
Rocky Mount Leafs batting - Pitching for Greensboro Hornets : RHP Octavio Avila
|
|
Batting: RHB Theodore Smith
|
0-0: Ball 1-0: Ground out 5-3 (Groundball, 56, EV 79.4 MPH)
|
|
Batting: RHB Glen Bockhorn
|
0-0: Ball 1-0: Foul Ball, location: 2F 1-1: Swinging Strike 1-2: Strikes out swinging
|
|
Batting: LHB Chris D Jones
|
0-0: Ball 1-0: Called Strike 1-1: Ball 2-1: Foul Ball, location: 2F 2-2: Ball 3-2: Ground out U3 (Groundball, 3S, EV 66.3 MPH)
|
| Top of the 6th over - 0 runs, 0 hits, 0 errors, 0 left on base; Rocky Mount 1 - Greensboro 1 |
| BOTTOM OF THE 6TH |
|
Greensboro Hornets batting - Pitching for Rocky Mount Leafs : RHP Don Heinkel
|
|
Batting: LHB Ozzie Guillen
|
0-0: Called Strike 0-1: Called Strike 0-2: Foul Ball, location: 2F 0-2: Ground out 6-3 (Groundball, 6M, EV 77.5 MPH)
|
|
Batting: SHB Mark Bailey
|
0-0: Called Strike 0-1: Ball 1-1: Swinging Strike 1-2: Foul Ball, location: 2F 1-2: Foul Ball, location: 2F 1-2: Ball 2-2: Ball 3-2: Foul Ball, location: 2F 3-2: Fly out, F9 (Flyball, 89M, EV 80.6 MPH)
|
|
Batting: LHB Preston Cash
|
0-0: Ball 1-0: Ball 2-0: Fly out, F6 (Popup, 6D, EV 49.4 MPH)
|
| Bottom of the 6th over - 0 runs, 0 hits, 0 errors, 0 left on base; Rocky Mount 1 - Greensboro 1 |
| TOP OF THE 7TH |
|
Rocky Mount Leafs batting - Pitching for Greensboro Hornets : RHP Octavio Avila
|
|
Batting: RHB Blane McDonald
|
0-0: Ball 1-0: Foul Ball, location: 2F 1-1: SOLO HOME RUN (Flyball, 78XD, EV 100.6 MPH), Distance : 414 ft
|
|
Batting: RHB Sergio Loya
|
0-0: Called Strike 0-1: Ball 1-1: Called Strike 1-2: Ball 2-2: Foul Ball, location: 2F 2-2: Ball 3-2: Strikes out swinging
|
|
Pitching: RHP Jeff Blobaum
|
|
|
Batting: RHB Tom Goffena
|
0-0: Ground out U3 (Groundball, 13, EV 80.6 MPH)
|
|
Batting: SHB Keith Spreckels
|
0-0: Ball 1-0: Ball 2-0: Fly out, F8 (Flyball, 8LD, EV 89.4 MPH)
|
| Top of the 7th over - 1 run, 1 hit, 0 errors, 0 left on base; Rocky Mount 2 - Greensboro 1 |
| BOTTOM OF THE 7TH |
|
Greensboro Hornets batting - Pitching for Rocky Mount Leafs : RHP Don Heinkel
|
|
Batting: RHB Greg Jelks
|
0-0: Called Strike 0-1: Ball 1-1: Ball 2-1: Ball 3-1: Fly out, F8 (Flyball, 78D, EV 97.5 MPH)
|
|
Batting: LHB Stephen DeMatties
|
0-0: Ball 1-0: Ball 2-0: Foul Ball, location: 2F 2-1: Ball 3-1: Base on Balls
|
|
Pinch Hitting: LHB Francisco Melendez
|
0-0: SINGLE (Line Drive, 6MD, EV 96.9 MPH) Stephen DeMatties to second
|
|
Pinch Hitting: LHB John Hughes
|
0-0: Ball 1-0: Ball 2-0: Foul Ball, location: 2F 2-1: Grounds into double play, 5-4-3 (Groundball, 56, EV 83.1 MPH)
|
| Bottom of the 7th over - 0 runs, 1 hit, 0 errors, 1 left on base; Rocky Mount 2 - Greensboro 1 |
| TOP OF THE 8TH |
|
Rocky Mount Leafs batting - Pitching for Greensboro Hornets : RHP Jeff Blobaum
|
|
Now at 2B: Alexis Infante
|
|
|
Now in RF: Francisco Melendez
|
|
|
Batting: RHB Kevin McGann
|
0-0: Ground out 6-3 (Groundball, 56, EV 100.0 MPH)
|
|
Batting: LHB Oscar Ramirez
|
0-0: Called Strike 0-1: Fly out, F9 (Flyball, 9S, EV 83.8 MPH)
|
|
Batting: RHB Theodore Smith
|
0-0: Swinging Strike 0-1: Swinging Strike 0-2: Fly out, F2 (Popup, 3SF, EV 80.6 MPH)
|
| Top of the 8th over - 0 runs, 0 hits, 0 errors, 0 left on base; Rocky Mount 2 - Greensboro 1 |
| BOTTOM OF THE 8TH |
|
Greensboro Hornets batting - Pitching for Rocky Mount Leafs : RHP Don Heinkel
|
|
Batting: RHB Mark Cauley
|
0-0: Called Strike 0-1: Ball 1-1: Fly out, F8 (Flyball, 89M, EV 77.5 MPH)
|
|
Batting: RHB John Lohse
|
0-0: Ball 1-0: Ball 2-0: Foul Ball, location: 2F 2-1: Ball 3-1: Swinging Strike 3-2: Base on Balls
|
|
Batting: LHB Ozzie Guillen
|
0-0: SINGLE (Groundball, 56, EV 105.6 MPH) John Lohse to second
|
|
Batting: SHB Mark Bailey
|
0-0: Called Strike 0-1: Grounds into double play, 6-4-3 (Groundball, 6M, EV 96.9 MPH)
|
| Bottom of the 8th over - 0 runs, 1 hit, 0 errors, 1 left on base; Rocky Mount 2 - Greensboro 1 |
| TOP OF THE 9TH |
|
Rocky Mount Leafs batting - Pitching for Greensboro Hornets : RHP Jeff Blobaum
|
|
Pitching: RHP Orlando Ochoa
|
|
|
Batting: RHB Glen Bockhorn
|
0-0: Ball 1-0: Called Strike 1-1: Swinging Strike 1-2: Strikes out swinging
|
|
Batting: LHB Chris D Jones
|
0-0: Called Strike 0-1: Ball 1-1: Ball 2-1: Ball 3-1: Fly out, F8 (Flyball, 89S, EV 77.5 MPH)
|
|
Batting: RHB Blane McDonald
|
0-0: Ball 1-0: Called Strike 1-1: Ball 2-1: Fly out, F9 (Flyball, 89XD, EV 107.5 MPH)
|
| Top of the 9th over - 0 runs, 0 hits, 0 errors, 0 left on base; Rocky Mount 2 - Greensboro 1 |
| BOTTOM OF THE 9TH |
|
Greensboro Hornets batting - Pitching for Rocky Mount Leafs : RHP Don Heinkel
|
|
Pitching: RHP Kevin Grubbs
|
|
|
Batting: LHB Preston Cash
|
0-0: Ball 1-0: Ball 2-0: Foul Ball, location: 2F 2-1: Swinging Strike 2-2: SOLO HOME RUN (Flyball, 9D, EV 105.6 MPH), Distance : 346 ft
|
|
Batting: RHB Greg Jelks
|
0-0: Swinging Strike 0-1: Fly out, F7 (Flyball, 7LM, EV 85.6 MPH)
|
|
Batting: LHB Stephen DeMatties
|
0-0: Foul Ball, location: 2F 0-1: Ball 1-1: Called Strike 1-2: Ball 2-2: Ball 3-2: Base on Balls
|
|
Batting: LHB Francisco Melendez
|
0-0: Called Strike 0-1: Foul Ball, location: 2F 0-2: Foul Ball, location: 2F 0-2: Ball 1-2: Strikes out swinging
|
|
Batting: RHB Alexis Infante
|
0-0: DOUBLE (Line Drive, 7LS, EV 111.9 MPH) Stephen DeMatties to third Runner from 3rd tries for Home, SAFE, no throw by LF
|
| Bottom of the 9th over - 2 runs, 2 hits, 0 errors, 0 left on base; Rocky Mount 2 - Greensboro 3 |
|